 Dungeon Crawl Stone Soup version 0.29-a0-330-g52719c12eb (webtiles) character file.

Game seed: 7849134887972301951

52 kae the Firebug (level 3, -5/26 HPs)
             Began as a Demigod Fire Elementalist on May 24, 2022.
             Slain by a gnoll
             ... wielding a +0 flail
              (11 damage)
             ... on level 2 of the Dungeon.
             The game lasted 00:01:11 (1840 turns).

kae the Firebug (Demigod Fire Elementalist)         Turns: 1840, Time: 00:01:12

Health: -5/26      AC:  2    Str:  9    XL:     3   Next: 39%
Magic:  8/8        EV: 12    Int: 21    God:
Gold:   70         SH:  0    Dex: 14    Spells: 3/6 levels left

rFire   . . .      SeeInvis .   n - +2 short sword (venom)
rCold   . . .      Faith    .   (no shield)
rNeg    . . .      Spirit   .   a - +0 robe
rPois   .          Reflect  .   (no helmet)
rElec   .          Harm     .   (no cloak)
rCorr   .          Rampage  .   (no gloves)
Will    .....                   (no boots)
Stlth   ++........              (no amulet)
HPRegen 0.08/turn               (no ring)
MPRegen 0.11/turn               (no ring)

@: mighty, attractive
A: high MP 1, forlorn, divine attributes
a: no special abilities


You were on level 2 of the Dungeon.
You visited 1 branch of the dungeon, and saw 2 of its levels.

You collected 70 gold pieces.

Inventory:

Hand Weapons
 n - a +2 short sword of venom (weapon)
Missiles
 l - 2 throwing nets
Armour
 a - a +0 robe (worn)
Scrolls
 k - 2 scrolls of identify
Potions
 b - a potion of magic
 d - a potion of might
 f - a potion of curing
 i - a potion of lignification {unknown}
 j - a potion of resistance {unknown}
 m - a potion of invisibility {unknown}


   Skills:
 - Level 1.7 Dodging
 - Level 1.7 Stealth
 + Level 2.1 Spellcasting
 * Level 2.1 Conjurations
 * Level 3.4 Fire Magic


You had 3 spell levels left.
You knew the following spells:

 Your Spells              Type           Power      Damage    Failure   Level
a - Foxfire               Conj/Fire      52%        2x1d6     4%          1
b - Scorch                Fire           32%        2d6       5%          2

Your spell library contained the following spells:

 Spells                   Type           Power      Damage    Failure   Level
 Conjure Flame            Conj/Fire      13%        6-21      14%         3
 Inner Flame              Hex/Fire       9%         N/A       22%         3
 Flame Wave               Conj/Fire      13%        2d6       43%         4


Dungeon Overview and Level Annotations

Branches:
Dungeon (2/15)


Innate Abilities, Weirdness & Mutations

You have an increased reservoir of magic. (+10% MP)
You shall have no god before yourself.
Your divine heritage dramatically boosts your attributes as you level up.


Message History

You hit the gnoll.
The gnoll is poisoned.
The gnoll is heavily wounded.
The gnoll barely misses you.
You closely miss the gnoll.
The gnoll is heavily wounded.
The gnoll closely misses you.
Found a mace.
The gnoll is attracted toward you.
A kobold comes into view. It is wielding a +0 club.
The gnoll is attracted toward you. The kobold is attracted toward you.
You kill the gnoll!
The gnoll is attracted toward you. The kobold is attracted toward you.
The gnoll is attracted toward you. The gnoll is attracted toward you.
A dart slug comes into view.
The dart slug is attracted toward you.
As you read the scroll labelled MEIRIC RIGG, it crumbles to dust.
You speak a Word of immense power!
It was a scroll of holy word.
The gnoll hits you from afar with a +0 spear.
The gnoll is attracted toward you. The dart slug is attracted toward you.
As you read the scroll labelled YSURRE XOUPE, it crumbles to dust.
It is a scroll of enchant weapon.
Your +1 short sword of venom glows red for a moment.
The dart slug launches a dart at you. The slug dart hits you.
* * * LOW HITPOINT WARNING * * *
The gnoll misses you. The gnoll closely misses you.
As you read the scroll labelled GEVIFYL KEIME, it crumbles to dust.
It is a scroll of identify.
f - 2 potions of curing The gnoll barely misses you.
The gnoll closely misses you.
You feel better. The dart slug closely misses you. The gnoll barely misses you.
The gnoll closely misses you.
You hit the gnoll.
The gnoll is poisoned.
The gnoll is moderately wounded.
You hear a shout!
The dart slug bites you but does no damage.
The gnoll hits you with a +0 spear.
* * * LOW HITPOINT WARNING * * *
The gnoll hits you with a +0 flail!
You die...

...#####§# #.#
#.# #.# # #)#.#
#.
#######.#.#....
.......K....#
§######g#.#.#
#...w@g#)#
....###### # .


You could see 2 gnolls, a dart slug and a kobold.

Vanquished Creatures
  2 gnolls (D:2)
  A dart slug (D:1)
  4 endoplasms
  2 giant cockroaches (D:1)
  2 goblins (D:1)
  2 hobgoblins (D:1)
  3 kobolds (D:1)
  2 quokkas (D:1)
  3 ball pythons (D:1)
  2 bats (D:1)
  3 frilled lizards (D:1)
  3 rats (D:1)
29 creatures vanquished.

Vanquished Creatures (others)
  91 foxfires
91 creatures vanquished.

Grand Total: 120 creatures vanquished

Notes
Turn   | Place    | Note
-------+----------+-------------------------------------------
     0 | D:1      | kae the Demigod Fire Elementalist began the quest for the
                  | Orb.
     0 | D:1      | Reached XP level 1. HP: 14/14 MP: 5/5
    22 | D:1      | Reached skill level 1 in Conjurations
   432 | D:1      | Reached XP level 2. HP: 14/20 MP: 5/7
   529 | D:1      | Reached skill level 3 in Fire Magic
   795 | D:1      | Learned a level 2 spell: Scorch
  1814 | D:2      | Reached XP level 3. HP: 26/26 MP: 4/8
  1840 | D:2      | Slain by a gnoll

Illustrated notes

Levels and vault maps discovered:
D:1:      lemuel_arrival_rhombus, layout_basic,
          amcnicky_mini_rare_corridor_liquid, minmay_misc_feat_ornament,
          minmay_crystal_water
D:2:      layout_basic, uniq_robin

Skill      XL: |  1  2 |
---------------+-------+-----
Conjurations   | 1 2 |  2.1
Fire Magic     | 3 |  3.4
Spellcasting   | 2 |  2.1
Dodging        | |  1.7
Stealth        | |  1.7

Action                   || total
-------------------------++-------
Melee: Unarmed           ||     1
       Short sword       ||     3
 Cast: Foxfire           ||    59
       Scorch            ||     7
  Use: Potion            ||     4
       Scroll            ||     3
Armor: Robe              ||    11
Dodge: Dodged            ||    43

Table legend: (Time is in decaauts)
 A = Elapsed time spent in this place.
 B = Non-inter-level travel time spent in this place.
 C = Inter-level travel time spent in this place.
 D = Time resting spent in this place.
 E = Time spent auto-exploring this place.
 F = Levels seen in this place.
 G = Mean time per level.
                   A        B        C        D        E       F      G
               +--------+--------+--------+--------+--------+-----+--------+
         Total |   1841 |   1771 |     70 |      0 |   1537 |   2 |  920.5 |
       Dungeon |   1841 |   1771 |     70 |      0 |   1537 |   2 |  920.5 |
               +--------+--------+--------+--------+--------+-----+--------+

Top non-repeatable levels by time:
     D:1: 1808 daAuts
     D:2: 32 daAuts
